 Dungeon Crawl Stone Soup version 0.32-a0-933-ga8fa3634e4 (webtiles) character file.

Game seed: 2598455930195694976

287 porpoise the Poker (level 6, -10/48 HPs)
             Began as a Demonspawn Gladiator on Apr 15, 2024.
             Mangled by Edmund
             ... wielding a +2 heavy flail
              (14 damage)
             ... on level 4 of the Dungeon.
             The game lasted 00:07:23 (3629 turns).

porpoise the Poker (Demonspawn Gladiator)           Turns: 3629, Time: 00:07:24

Health: -10/48     AC:  5    Str: 16    XL:     6   Next: 8%
Magic:  6/6        EV: 13    Int:  8    God:
Gold:   270        SH:  0    Dex: 15    Spells: 5/5 levels left

rFire   . . .        a - +0 trident
rCold   . . .        (no shield)
rNeg    . . .        r - +0 leather armour
rPois   +            c - +0 helmet
rElec   .            (no cloak)
rCorr   .            m - +0 pair of gloves
SInv    .            (no boots)
Will    ++...        (no amulet)
Stlth   +            i - ring of willpower
HPRegen 0.28/turn    f - ring of poison resistance
MPRegen 0.10/turn

%: no passive effects
@: enlightened, flying
A: repulsion field 1, powered by death 1, spiny 1
a: no special abilities


You were on level 4 of the Dungeon.
You visited 1 branch of the dungeon, and saw 4 of its levels.

You collected 270 gold pieces.

Inventory:

Hand Weapons
 a - a +0 trident (weapon)
 b - a +0 sling
 d - a +0 trident
Missiles
 e - 3 javelins
 n - a throwing net (quivered)
Armour
 c - a +0 helmet (worn)
 m - a +0 pair of gloves (worn)
 r - a +0 leather armour (worn)
Jewellery
 f - a ring of poison resistance (right hand)
 i - a ring of willpower (left hand)
 p - a +6 ring of intelligence
Wands
 s - a wand of roots (5)
Scrolls
 g - a scroll of noise
 h - a scroll of teleportation
 j - a scroll of fog {unknown}
 k - a scroll of amnesia {unknown}
 l - a scroll of identify
 o - a scroll of revelation
 q - a scroll of enchant armour {unknown}
 v - a scroll of blinking {unknown}
 w - a scroll of poison {unknown}
Potions
 t - a potion of magic


   Skills:
 + Level 4.0 Fighting
 * Level 5.3 Polearms
 - Level 1.7 Throwing
 - Level 2.6 Dodging


You had 5 spell levels left.
You didn't know any spells.
Your spell library contained the following spells:

 Spells                   Type           Power      Damage    Failure   Level
 Frozen Ramparts          Ice            0%         1d1       85%         3
 Ozocubu's Armour         Ice            0%         N/A       85%         3
 Metabolic Englaciation   Hex/Ice        0%         N/A       100%        5


Dungeon Overview and Level Annotations

Branches:
Dungeon (4/15)
 Temple: D:4-7

Altars:

Shops:
D:1 !

Annotations:
D:4 Edmund


Innate Abilities, Weirdness & Mutations

You are surrounded by a mild repulsion field. (EV +2)
You regenerate a little health from kills.
You are partially covered in sharp spines.


Message History

The orc is struck by your spines.
You kill the orc!
No target in view!
HP restored.
You now have 270 gold pieces (gained 10).
Things that are here:
a +0 flail; a +0 ring mail; a +0 flail
e - 3 javelins (gained 2)
You see here a +0 war axe.
There is a stone staircase leading down here.
You see here a +0 war axe.
Edmund is nearby!
You reach to attack!
Edmund shouts!
You puncture Edmund!
Edmund is lightly wounded.
You barely miss Edmund.
Edmund is lightly wounded.
Edmund hits you with a +2 heavy flail!
You hit Edmund.
Edmund is moderately wounded.
Edmund is struck by your spines. Edmund hits you with a +2 heavy flail!!
You are too injured to fight recklessly!
You barely miss Edmund.
Edmund is moderately wounded.
You hit Edmund but do no damage.
Edmund is moderately wounded.
Edmund is struck by your spines. Edmund hits you with a +2 heavy flail!
* * * LOW HITPOINT WARNING * * *
You hit Edmund but do no damage.
Edmund is moderately wounded.
Edmund barely misses you.
It was a potion of enlightenment.
You feel very buoyant.
You fly up into the air.
You hit Edmund but do no damage.
Edmund is moderately wounded.
Edmund hits you with a +2 heavy flail!
You die...
Edmund says, "I'd like to see a scythe do that!"

**,*,**,...........#.###.######
*,*,**...............##..##
*,*,**...............###..####
*,*,,+...............# ##.)...
*,,,,#...............# ######
****,#............#.##
*,#............#.#
*,#............#.#
*,#.......@....#.#
#.#......@.....#.#
#.....<#.#######.#***
######'#.*******,,,,****
*,,:..,,,,,,,,,,,,,,,*
*,.....,,,,,,,,,,,**,**
*.......,,,,,,,,,,**,,*
#........<,,,,,,,,***,*
#......o..,,,,,,,,* *,***


You could see Edmund.

Vanquished Creatures
  A scorpion (D:4)
  A jelly (D:3)
  Jessica (D:3)
  Terence (D:2)
  An orc wizard (D:4)
  4 adders
  4 dart slugs
  3 ribbon worms
  11 orcs
  5 bats
  2 endoplasms
  3 giant cockroaches (D:1)
  4 hobgoblins
  9 ball pythons
  A frilled lizard (D:2)
  7 goblins
  5 kobolds
  4 rats
67 creatures vanquished.

Notes
Turn   | Place    | Note
-------+----------+-------------------------------------------
     0 | D:1      | porpoise the Demonspawn Gladiator began the quest for the
                  | Orb.
     0 | D:1      | Reached XP level 1. HP: 16/16 MP: 1/1
   152 | D:1      | Reached skill level 3 in Polearms
   325 | D:1      | Gained mutation: You are partially covered in sharp spines.
                  | [demonic ancestry]
   325 | D:1      | Reached XP level 2. HP: 22/22 MP: 2/2
   455 | D:1      | Found Nuppicep's Distillery.
  1110 | D:2      | Noticed Terence
  1122 | D:2      | Killed Terence
  1123 | D:2      | Gained mutation: You regenerate a little health from kills.
                  | [demonic ancestry]
  1123 | D:2      | Reached XP level 3. HP: 14/28 MP: 3/3
  1367 | D:2      | Reached skill level 4 in Polearms
  1367 | D:2      | Reached XP level 4. HP: 35/35 MP: 4/4
  1983 | D:2      | Identified the +2 robe of Objectivity {rCorr Int+3}
  2223 | D:3      | HP: 1/35 [acid (3)]
  2232 | D:3      | Noticed Jessica
  2238 | D:3      | Killed Jessica
  2239 | D:3      | Gained mutation: You are surrounded by a mild repulsion
                  | field. (EV +2) [demonic ancestry]
  2239 | D:3      | Reached XP level 5. HP: 7/41 MP: 5/5
  2658 | D:3      | Identified the granite talisman "Filodwiz" {+Blink rN+
                  | Stlth-}
  3002 | D:4      | Noticed Edmund
  3245 | D:4      | Reached skill level 5 in Polearms
  3355 | D:4      | Reached XP level 6. HP: 32/48 MP: 6/6
  3629 | D:4      | Mangled by Edmund

Illustrated notes

Levels and vault maps discovered:
D:1:      dreamdust_arrival_sigmund_warning, layout_basic, serial_shops,
          nicolae_lakefront_shop
D:2:      layout_basic, minmay_crystal_room, uniq_terence
D:3:      layout_basic, minmay_fractal_squares_gapless_5, uniq_jessica
D:4:      layout_basic, uniq_robin, uniq_edmund

Skill      XL: |  1  2  3  4  5 |
---------------+----------------+-----
Polearms       | 3 4 5 |  5.3
Fighting       | 3 4 |  4.0
Throwing       | |  1.7
Dodging        | |  2.6

Action                     |  1- 3 |  4- 6 || total
---------------------------+-------+-------++-------
  Melee: Trident           |    70 |    87 ||   157
   Fire: Sling             |       |    30 ||    30
  Throw: Throwing net      |     3 |       ||     3
    Use: Scroll            |       |     5 ||     5
         Potion            |       |     2 ||     2
   Stab: Sleeping          |     1 |       ||     1
         Held in net/web   |     1 |       ||     1
         Invisible         |       |     2 ||     2
 Armour: Leather armour    |    33 |    41 ||    74
  Dodge: Dodged            |    22 |    39 ||    61

Table legend: (Time is in decaauts)
 A = Elapsed time spent in this place.
 B = Non-inter-level travel time spent in this place.
 C = Inter-level travel time spent in this place.
 D = Time resting spent in this place.
 E = Time spent auto-exploring this place.
 F = Levels seen in this place.
 G = Mean time per level.
                   A        B        C        D        E       F      G
               +--------+--------+--------+--------+--------+-----+--------+
         Total |   3654 |   3448 |    206 |    848 |   2096 |   4 |  913.5 |
       Dungeon |   3654 |   3448 |    206 |    848 |   2096 |   4 |  913.5 |
               +--------+--------+--------+--------+--------+-----+--------+

Top non-repeatable levels by time:
     D:2: 1394 daAuts
     D:1: 972 daAuts
     D:3: 799 daAuts
     D:4: 488 daAuts
